 Dungeon Crawl Stone Soup version 0.29-a0-321-gf1c400731a (webtiles) character file.

Game seed: 10413642587593137511

106 Ajdolov the Firebug (level 4, -2/44 HPs)
             Began as an Ogre Fire Elementalist on Apr 3, 2022.
             Slain by an orc priest
             ... wielding a +0 mace
              (6 damage)
             ... on level 3 of the Dungeon.
             The game lasted 00:04:46 (2791 turns).

Ajdolov the Firebug (Ogre Fire Elementalist)        Turns: 2791, Time: 00:04:47

Health: -2/44      AC:  6    Str: 17    XL:     4   Next: 84%
Magic:  4/9        EV:  9    Int: 17    God:
Gold:   134        SH:  0    Dex: 10    Spells: 7/10 levels left

rFire   . . .      SeeInvis .   m - +0 whip
rCold   . . .      Faith    .   (no shield)
rNeg    + . .      Spirit   .   a - +0 robe
rPois   +          Reflect  .   (helmet restricted)
rElec   .          Harm     .   d - +2 ratskin cloak {*Rats rPois rN+ Str-1 Int-1 Dex+1}
rCorr   .          Rampage  .   (gloves unavailable)
Will    .....                   (boots unavailable)
Stlth   ++........              (no amulet)
HPRegen 0.14/turn               k - +6 ring of strength
MPRegen 0.11/turn               (no ring)

@: no status effects
A: large, unfitting armour, tough skin 1
a: no special abilities


You were on level 3 of the Dungeon.
You visited 1 branch of the dungeon, and saw 3 of its levels.

You collected 134 gold pieces.

Inventory:

Hand Weapons
 m - a +0 whip (weapon)
Armour
 a - a +0 robe (worn)
 d - the +2 ratskin cloak (worn) {*Rats rPois rN+ Str-1 Int-1 Dex+1}
   (You found it on level 3 of the Dungeon)

   When the wearer is hurt, rats may emerge from it to assist them.
   Str:       It affects your strength (-1).
   Int:       It affects your intelligence (-1).
   Dex:       It affects your dexterity (+1).
   rPois:     It protects you from poison.
   rN:        It protects you from negative energy.
Jewellery
 k - a +6 ring of strength (left hand)
Scrolls
 c - a scroll of immolation {unknown}
 e - a scroll of fog {unknown}
 f - a scroll of teleportation {unknown}
 g - a scroll of identify {unknown}
 h - 3 scrolls of vulnerability {unknown}
 j - a scroll of amnesia {unknown}
Potions
 b - a potion of magic
 i - a potion of mutation {unknown}
 l - a potion of resistance {unknown}


   Skills:
 + Level 2.8 Fighting
 - Level 1.7 Dodging
 - Level 1.4 Stealth
 + Level 3.5 Spellcasting
 - Level 0.8 Conjurations
 * Level 3.8 Fire Magic


You had 7 spell levels left.
You knew the following spells:

 Your Spells              Type           Power      Damage    Failure   Level
a - Foxfire               Conj/Fire      40%        2x1d6     6%          1
b - Scorch                Fire           30%        2d6       5%          2

Your spell library contained the following spells:

 Spells                   Type           Power      Damage    Failure   Level
 Magic Dart               Conj           20%        1d4       12%         1
 Conjure Flame            Conj/Fire      10%        6-21      19%         3
 Inner Flame              Hex/Fire       9%         N/A       22%         3
 Call Imp                 Summ           2%         N/A       26%         2
 Mephitic Cloud           Conj/Pois/Air  3%         N/A       41%         3
 Flame Wave               Conj/Fire      10%        2d5       54%         4


Dungeon Overview and Level Annotations

Branches:
Dungeon (3/15)

Altars:
Wu Jian
Beogh


Innate Abilities, Weirdness & Mutations

You are too large for most types of armour.
You have tough skin. (AC +1)


Message History

You hit the orc.
You kill the orc!
The kobold barely misses you. The frilled lizard closely misses you.
The orc priest hits you with a +0 mace.
Unknown command.
You hit the orc priest.
The orc priest is severely wounded.
The kobold barely misses you. The frilled lizard closely misses you.
The orc priest looks satisfied for a moment.
You hit the orc priest.
The orc priest is severely wounded.
The kobold hits you but does no damage.
The frilled lizard bites you but does no damage.
The orc priest looks satisfied for a moment.
Unknown command.
You hit the orc priest.
The orc priest is almost dead.
The kobold closely misses you. The frilled lizard barely misses you.
The orc priest mumbles some strange prayers to Beogh against you.
Beogh smites you!
* * * LOW HITPOINT WARNING * * *
You hit the orc priest.
The orc priest is almost dead.
The kobold hits you with a +0 short sword.
* * * LOW HITPOINT WARNING * * *
The orc priest mumbles some strange prayers to Beogh against you.
You barely resist. The frilled lizard bites you.
* * * LOW HITPOINT WARNING * * *
You closely miss the orc priest.
The orc priest is almost dead.
The kobold hits you but does no damage. The frilled lizard bites you.
* * * LOW HITPOINT WARNING * * *
The orc priest barely misses you.
Unknown command.
You closely miss the orc priest.
The orc priest is almost dead.
The kobold hits you with a +0 short sword.
* * * LOW HITPOINT WARNING * * *
The frilled lizard closely misses you. The orc priest hits you with a +0 mace.
You die...

#.#.#
.#.##
.o..#
... .K.
#.#
#.#####
#.#Ko.#
#..)@.#
###l..#
##.##
#.# #.#
#.# #.#
#.#
#.##
#.#


You could see an orc priest, a kobold and a frilled lizard.

Vanquished Creatures
  4 adders
  A dart slug (D:2)
  An orc (D:3)
  6 bats
  4 endoplasms
  A giant cockroach (D:2)
  7 goblins
  3 hobgoblins (D:2)
  9 kobolds
  2 quokkas (D:2)
  9 ball pythons
  3 frilled lizards (D:1)
  6 rats
56 creatures vanquished.

Vanquished Creatures (collateral kills)
  An adder (D:3)
1 creature vanquished.

Vanquished Creatures (others)
  50 foxfires
50 creatures vanquished.

Grand Total: 107 creatures vanquished

Notes
Turn   | Place    | Note
-------+----------+-------------------------------------------
     0 | D:1      | Ajdolov the Ogre Fire Elementalist began the quest for the
                  | Orb.
     0 | D:1      | Reached XP level 1. HP: 16/16 MP: 3/3
   220 | D:1      | Reached skill level 1 in Fighting
   247 | D:1      | Reached XP level 2. HP: 23/27 MP: 3/5
   302 | D:1      | Learned a level 2 spell: Scorch
   365 | D:1      | You fall into a shaft and drop 1 floor!
   778 | D:1      | Found a faded altar of an unknown god.
  1047 | D:1      | Reached XP level 3. HP: 35/35 MP: 4/7
  1803 | D:2      | Found an ornate altar of the Wu Jian Council.
  1999 | D:2      | Reached XP level 4. HP: 40/44 MP: 8/8
  2455 | D:3      | Found the +2 ratskin cloak {*Rats rPois rN+ Str-1 Int-1
                  | Dex+1}
  2791 | D:3      | Slain by an orc priest

Illustrated notes

Levels and vault maps discovered:
D:1:      lemuel_arrival_lava_pool, layout_basic,
          hellmonk_ecumenical_altar_defaced_shrine, minmay_tripent
D:2:      layout_basic, basic_altar
D:3:      minmay_spotlight, layout_loops_ring, serial_shops,
          nicolae_lakefront_shop

Skill      XL: |  1  2  3 |
---------------+----------+-----
Fighting       | 1 2 |  2.8
Fire Magic     | 3 |  3.8
Spellcasting   | 3 |  3.5
Dodging        | |  1.7
Stealth        | |  1.4
Conjurations   | |  0.8

Action                   |  1- 3 |  4- 6 || total
-------------------------+-------+-------++-------
Melee: Dagger            |    28 |       ||    28
       Punch             |     2 |       ||     2
       Whip              |    18 |    52 ||    70
 Cast: Foxfire           |    34 |       ||    34
       Scorch            |     8 |     8 ||    16
  Use: Potion            |       |     1 ||     1
 Stab: Sleeping          |       |     2 ||     2
Armor: Robe              |    25 |    25 ||    50
Dodge: Dodged            |    19 |    33 ||    52

Table legend: (Time is in decaauts)
 A = Elapsed time spent in this place.
 B = Non-inter-level travel time spent in this place.
 C = Inter-level travel time spent in this place.
 D = Time resting spent in this place.
 E = Time spent auto-exploring this place.
 F = Levels seen in this place.
 G = Mean time per level.
                   A        B        C        D        E       F      G
               +--------+--------+--------+--------+--------+-----+--------+
         Total |   2796 |   2756 |     40 |    148 |   2147 |   3 |  932.0 |
       Dungeon |   2796 |   2756 |     40 |    148 |   2147 |   3 |  932.0 |
               +--------+--------+--------+--------+--------+-----+--------+

Top non-repeatable levels by time:
     D:1: 1291 daAuts
     D:2: 1161 daAuts
     D:3: 343 daAuts
